 Dungeon Crawl Stone Soup version 0.29-a0-473-gacb4ef3bc5 (webtiles) character file.

Game seed: 3683470862445218095

27 Bruhh the Ruffian (level 3, 0/34 HPs)
             Began as a Naga Transmuter on May 23, 2022.
             Slain by a hobgoblin (3 damage)
             ... led by Robin
             ... on level 2 of the Dungeon.
             The game lasted 00:02:01 (2024 turns).

Bruhh the Ruffian (Naga Transmuter)                 Turns: 2024, Time: 00:02:02

Health: 0/34       AC:  5    Str: 12    XL:     3   Next: 10%
Magic:  6/6        EV: 10    Int: 13    God:
Gold:   73         SH:  0    Dex: 13    Spells: 5/6 levels left

rFire   + + +      SeeInvis +     - Unarmed
rCold   + . .      Faith    .   (no shield)
rNeg    . . .      Spirit   .   l - +1 robe of the Shore {*Corrode rElec rF+++ Dex+2}
rPois   +          Reflect  .   (helmet restricted)
rElec   +          Harm     .   (no cloak)
rCorr   +          Rampage  .   c - +1 pair of gloves
Will    .....                   (no barding)
Stlth   +.........              (no amulet)
HPRegen 0.11/turn               (no ring)
MPRegen 0.10/turn               (no ring)

@: resistant, very slightly contaminated, hasted, quick
A: AC +1, large, see invisible, deformed body, poison resistance, slowness 2,
spit poison 1, naga tail 1, antennae 1, dopey 1, robust 1
a: Spit Poison


You were on level 2 of the Dungeon.
You visited 1 branch of the dungeon, and saw 2 of its levels.

You collected 73 gold pieces.

Inventory:

Armour
 a - a +0 robe
 c - a +1 pair of gloves (worn)
 l - the +1 robe of the Shore (worn) {*Corrode rElec rF+++ Dex+2}
   (You found it on level 2 of the Dungeon)

   Dex:       It affects your dexterity (+2).
   rF:        It renders you almost immune to fire.
   rElec:     It insulates you from electricity.
   *Corrode:  It may corrode you when you take damage.
Jewellery
 j - a +6 ring of dexterity
Scrolls
 g - a scroll of amnesia {unknown}
 i - a scroll of teleportation {unknown}
 m - a scroll of enchant weapon {unknown}
 n - a scroll of noise {unknown}
Potions
 k - a potion of heal wounds {unknown}


   Skills:
 + Level 1.6 Fighting
 - Level 1.5 Dodging
 + Level 3.3 Unarmed Combat
 + Level 2.3 Spellcasting
 + Level 2.4 Transmutations


You had 5 spell levels left.
You knew the following spells:

 Your Spells              Type           Power      Damage    Failure   Level
a - Beastly Appendage     Tmut           14%        N/A       9%          1

Your spell library contained the following spells:

 Spells                   Type           Power      Damage    Failure   Level
 Wereblood                Tmut           7%         N/A       14%         2
 Spider Form              Tmut/Pois      4%         N/A       41%         3
 Ice Form                 Ice/Tmut       4%         N/A       83%         4


Dungeon Overview and Level Annotations

Branches:
Dungeon (2/15)

Altars:

Annotations:
D:2 Robin


Innate Abilities, Weirdness & Mutations

Your serpentine skin is tough. (AC +1)
You have supernaturally acute eyesight. (SInv)
Armour fits poorly on your strangely shaped body.
Your system is resistant to poisons. (rPois)
You cover ground very slowly.
You can spit poison.
You have a snake-like lower body.
You have a pair of small antennae on your head.
You are dopey. (Int -2)
You are robust. (+10% HP)


Message History

Robin hits you from afar with a +0 trident.
Robin completely misses you.
It was a potion of haste.
You feel yourself speed up.
You feel less wooden.
Your +1 pair of gloves unmelds from your body.
The +1 robe of the Shore {*Corrode rElec rF+++ Dex+2} unmelds from your body.
Robin barely misses you.
The hobgoblin no longer looks unusually strong.
Robin roars a battlecry!
Items here: )))))) ††.
Casting: Beastly Appendage (safe; 8% risk of failure)
Confirm with . or Enter, or press ? or * to list all spells.
You miscast Beastly Appendage.
You are very lightly contaminated with residual magic.
Nothing appears to happen.
Robin barely misses you.
Unknown command.
You closely miss Robin. You barely miss Robin. The hobgoblin hits you.
Robin hits you with a +0 trident.
You hit Robin.
Robin is lightly wounded.
The hobgoblin hits you.
* * * LOW HITPOINT WARNING * * *
Robin misses you.
You hit Robin but do no damage. Your punch misses Robin.
Robin is lightly wounded.
You hit Robin.
Robin is lightly wounded.
The hobgoblin closely misses you. Robin closely misses you.
Unknown command.
It was a potion of magic.
Magic courses through your body.
The hobgoblin hits you but does no damage.
Robin hits you with a +0 trident.
* * * LOW HITPOINT WARNING * * *
It was a potion of resistance.
You feel protected.
It was a potion of mutation.
You feel extremely strange.
You feel robust.
You feel stupid. A pair of antennae grows on your head! The hobgoblin hits you.
You die...

. #P#P#.#.#..# ##.##
#.#.#.#.#..#####...##
# #.#.#.............#
#.#.#.#..#####....#
#.#...........#.#
#..#)######.#.# P
#..#.# #.#.#
#...##.g#)# #....
........@g# #..#.
....##).### ##.. ...
#... ..# # ##... ###
###g. g.. .... ....


You could see Robin and a hobgoblin (strong).

Vanquished Creatures
  3 endoplasms (D:1)
  A giant cockroach (D:1)
  10 goblins
  4 hobgoblins
  3 bats
21 creatures vanquished.

Notes
Turn   | Place    | Note
-------+----------+-------------------------------------------
     0 | D:1      | Bruhh the Naga Transmuter began the quest for the Orb.
     0 | D:1      | Reached XP level 1. HP: 18/18 MP: 3/3
   639 | D:1      | Reached XP level 2. HP: 19/25 MP: 3/5
  1710 | D:2      | Identified the +1 robe of the Shore {*Corrode rElec rF+++
                  | Dex+2}
  1951 | D:2      | Noticed Robin
  1972 | D:2      | Reached XP level 3. HP: 31/31 MP: 6/6
  2024 | D:2      | Gained mutation: You are robust. (+10% HP) [potion of
                  | mutation]
  2024 | D:2      | Gained mutation: You are dopey. (Int -2) [potion of
                  | mutation]
  2024 | D:2      | Gained mutation: You have a pair of small antennae on your
                  | head. [potion of mutation]
  2024 | D:2      | Slain by a hobgoblin

Illustrated notes

Levels and vault maps discovered:
D:1:      zelgadis_glass_arrival_small, layout_basic, serial_co_window_serial,
          co_window_paths_b, co_window_paths_a, co_window_corner_a,
          co_window_paths_a, co_window_corner_a, co_window_corner_ca,
          co_window_unsneaky_path_e, co_window_paths_c, co_window_broadway_a,
          co_window_of_opportunity_b, co_window_sun, glass_columns_b,
          glass_columns_a
D:2:      layout_loops_ring, basic_altar, shapermc_ecumenical_altar_rom_forum,
          kennysheep_another_room, st_stairs_12, kennysheep_generic_room_4,
          uniq_robin

Action                   || total
-------------------------++-------
Melee: Unarmed           ||    62
       Headbutt          ||     5
       Punch             ||     2
 Cast: Beastly Appendage ||    15
  Use: Potion            ||     5
Armor: Robe              ||    13
       Skin              ||    35
Dodge: Dodged            ||    28

Table legend: (Time is in decaauts)
 A = Elapsed time spent in this place.
 B = Non-inter-level travel time spent in this place.
 C = Inter-level travel time spent in this place.
 D = Time resting spent in this place.
 E = Time spent auto-exploring this place.
 F = Levels seen in this place.
 G = Mean time per level.
                   A        B        C        D        E       F      G
               +--------+--------+--------+--------+--------+-----+--------+
         Total |   2499 |   2289 |    210 |    395 |   1639 |   2 | 1249.5 |
       Dungeon |   2499 |   2289 |    210 |    395 |   1639 |   2 | 1249.5 |
               +--------+--------+--------+--------+--------+-----+--------+

Top non-repeatable levels by time:
     D:1: 2003 daAuts
     D:2: 496 daAuts
